 Dungeon Crawl Stone Soup version 0.29-a0-80-g3050e97935 (webtiles) character file.

Game seed: 2857383926105435423

62 Gargoyl the Skirmisher (level 4, -2/29 HPs)
             Began as a Gargoyle Abyssal Knight on Feb 4, 2022.
             Was a Believer of Lugonu.
             Slain by Sigmund (8 damage)
             ... on level 3 of the Dungeon.
             The game lasted 00:02:18 (2541 turns).

Gargoyl the Skirmisher (Gargoyle Abyssal Knight)    Turns: 2541, Time: 00:02:19

Health: -2/29      AC:  6    Str: 19    XL:     4   Next: 8%
Magic:  5/5        EV: 11    Int: 10    God:    Lugonu [**....]
Gold:   45         SH:  0    Dex: 10    Spells: 3/3 levels left

rFire   . . .      SeeInvis .   a - +1 hand axe
rCold   . . .      Faith    .   (no shield)
rNeg    + . .      Spirit   .   b - +0 leather armour
rPois   ∞          Reflect  .   (no helmet)
rElec   +          Harm     .   (no cloak)
rCorr   .          Rampage  .   (no gloves)
Will    .....                   (no boots)
Stlth   +.........              (no amulet)
HPRegen 0.09/turn               (no ring)
MPRegen 0.09/turn               (no ring)

@: no status effects
A: sickness immunity, AC +3, negative energy resistance 1, electricity
resistance, torment resistance 1, petrification resistance
a: Renounce Religion, Depart the Abyss, Bend Space


You were on level 3 of the Dungeon.
You worshipped Lugonu.
Lugonu was pleased with you.
You visited 1 branch of the dungeon, and saw 3 of its levels.
You visited the Abyss 1 time.

You collected 45 gold pieces.

Inventory:

Hand Weapons
 a - a +1 hand axe (weapon)
Armour
 b - a +0 leather armour (worn)
Jewellery
 e - an amulet of guardian spirit
Scrolls
 c - a scroll of identify
 d - a scroll of vulnerability {unknown}
 f - a scroll of magic mapping {unknown}
 g - a scroll of holy word {unknown}
 h - a scroll of blinking {unknown}
Potions
 i - a potion of brilliance


   Skills:
 + Level 4.2 Fighting
 + Level 2.3 Axes
 + Level 2.5 Armour
 + Level 1.4 Dodging
 + Level 2.1 Invocations


You had 3 spell levels left.
You didn't know any spells.
Your spell library was empty.

Dungeon Overview and Level Annotations

Branches:
Dungeon (3/15)

Altars:
Gozag

Annotations:
D:3 Sigmund


Innate Abilities, Weirdness & Mutations

You are immune to sickness and miasma.
Your stone body is resilient. (AC +3)
You are immune to poison.
You resist negative energy. (rN+)
You are resistant to electric shocks. (rElec)
You are resistant to unholy torment.
You are immune to petrification.


Message History

You hit Sigmund.
Sigmund is heavily wounded.
Sigmund misses you.
You hit Sigmund but do no damage.
Sigmund is heavily wounded.
Sigmund barely misses you.
You closely miss Sigmund.
Sigmund is heavily wounded.
You hit Sigmund.
Sigmund is heavily wounded.
Sigmund barely misses you.
You hit Sigmund.
Sigmund is heavily wounded.
Sigmund gestures at you while chanting.
You are confused.
Sigmund hits you but does no damage. Sigmund hits you but does no damage.
Sigmund hits you from afar with a +0 scythe!
Sigmund barely misses you.
You feel less confused.
You hit Sigmund but do no damage.
Sigmund is heavily wounded.
Sigmund gestures at you while chanting. The puff of flame hits you.
You barely miss Sigmund.
Sigmund is heavily wounded.
Sigmund closely misses you.
You closely miss Sigmund.
Sigmund is heavily wounded.
Sigmund casts a spell at you. The magic dart hits you.
* * * LOW HITPOINT WARNING * * *
You hit Sigmund.
Sigmund is severely wounded.
Sigmund casts a spell at you. You resist with some effort.
You barely miss Sigmund.
Sigmund is severely wounded.
Sigmund hits you with a +0 scythe!
You die...

####### ##.....##
##.......##
#.>.<.....#
#.........#
#.........#
#######.........#
................#
....###..@@.....#
# #.........#
#.........#
#...(.....#
#.........#
##$......##
##...).## #######


You could see Sigmund.

Vanquished Creatures
  An adder (D:2)
  2 dart slugs (D:1)
  2 ball pythons (D:1)
  5 endoplasms
  3 giant cockroaches
  5 goblins
  9 hobgoblins
  3 kobolds
  A quokka (D:1)
  3 bats
  A frilled lizard (D:1)
  9 rats
44 creatures vanquished.

Notes
Turn   | Place    | Note
-------+----------+-------------------------------------------
     0 | Abyss:1  | Gargoyl the Gargoyle Abyssal Knight began the quest for the
                  | Orb.
     0 | Abyss:1  | Reached XP level 1. HP: 14/14 MP: 2/2
   104 | Abyss:2  | Noticed a large abomination
   105 | D:1      | Escaped the Abyss
   360 | D:1      | Reached XP level 2. HP: 20/20 MP: 3/3
   405 | D:1      | Reached * piety under Lugonu
   667 | D:1      | Found a faded altar of an unknown god.
   672 | D:1      | Reached skill level 1 in Dodging
   811 | D:1      | Reached skill level 4 in Fighting
   858 | D:1      | Reached XP level 3. HP: 23/24 MP: 4/4
  1457 | D:2      | Found an opulent altar of Gozag.
  1554 | D:2      | Reached ** piety under Lugonu
  1954 | D:2      | Reached XP level 4. HP: 29/29 MP: 5/5
  2197 | D:3      | Noticed Sigmund
  2541 | D:3      | Slain by Sigmund

Illustrated notes

Levels and vault maps discovered:
D:1:      dpeg_arrival_snail, layout_basic,
          hellmonk_ecumenical_altar_arch_garden, minmay_pentomino_v2
D:2:      layout_loops_ring, basic_altar, minmay_circled_x
D:3:      layout_rooms, portal_sewer_entry_a, uniq_sigmund

Skill      XL: |  1  2  3 |
---------------+----------+-----
Dodging        | 1 |  1.4
Fighting       | 4 |  4.2
Axes           | 2 |  2.3
Armour         | |  2.5
Invocations    | |  2.1

Action                   |  1- 3 |  4- 6 || total
-------------------------+-------+-------++-------
Melee: Hand axe          |   104 |    31 ||   135
       Punch             |     2 |       ||     2
Invok: Depart the Abyss  |     1 |       ||     1
  Use: Scroll            |       |     1 ||     1
Armor: Leather armour    |    58 |     6 ||    64
Dodge: Dodged            |    74 |    21 ||    95

Table legend: (Time is in decaauts)
 A = Elapsed time spent in this place.
 B = Non-inter-level travel time spent in this place.
 C = Inter-level travel time spent in this place.
 D = Time resting spent in this place.
 E = Time spent auto-exploring this place.
 F = Levels seen in this place.
 G = Mean time per level.
                   A        B        C        D        E       F      G
               +--------+--------+--------+--------+--------+-----+--------+
         Total |   2567 |   2550 |     17 |    292 |   1857 |   5 |  513.4 |
       Dungeon |   2462 |   2445 |     17 |    292 |   1766 |   3 |  820.7 |
         Abyss |    104 |    104 |      0 |      0 |     91 |   2 |   52.0 |
               +--------+--------+--------+--------+--------+-----+--------+

Top non-repeatable levels by time:
     D:2: 1210 daAuts
     D:1: 1197 daAuts
     D:3: 54 daAuts
 Abyss:2: 53 daAuts
 Abyss:1: 51 daAuts
